 Dungeon Crawl Stone Soup version 0.28-a0-69-g49dcd67cf8 (webtiles) character file.

Game seed: 15891957909892428930

2 elagabalus the Vexing (level 1, 11/11 HPs)
             Began as a Deep Elf Arcane Marksman on July 31, 2021.
             Quit the game on level 1 of the Dungeon.
             The game lasted 00:01:28 (78 turns).

elagabalus the Vexing (Deep Elf Arcane Marksman)      Turns: 78, Time: 00:01:28

Health: 11/11      AC:  2    Str:  7    XL:     1   Next: 33%
Magic:  5/5        EV: 12    Int: 17    God:
Gold:   0          SH:  0    Dex: 15    Spells: 2/3 levels left

rFire   . . .      SeeInvis .   a - +0 shortbow
rCold   . . .      Faith    .   (shield currently unavailable)
rNeg    . . .      Spirit   .   d - +0 robe
rPois   .          Reflect  .   (no helmet)
rElec   .          Harm     .   (no cloak)
rCorr   .          Rampage  .   (no gloves)
Will    .....                   (no boots)
Stlth   +.........              (no amulet)
HPRegen 0.03/turn               (no ring)
MPRegen 0.09/turn               (no ring)

@: no status effects
A: no striking features
a: no special abilities


You were on level 1 of the Dungeon.
You visited 1 branch of the dungeon, and saw 1 of its levels.

Inventory:

Hand Weapons
 a - a +0 shortbow (weapon)
Missiles
 c - 20 arrows (quivered ammo)
Armour
 d - a +0 robe (worn)
Potions
 b - a potion of might {unknown}


   Skills:
 - Level 0.7 Fighting
 + Level 2.9 Bows
 + Level 2.5 Dodging
 + Level 1.5 Spellcasting
 - Level 4.0 Hexes


You had 2 spell levels left.
You knew the following spells:

 Your Spells              Type           Power      Damage    Failure   Level
a - Corona                Hex            16%        N/A       4%          1

Your spell library contained the following spells:

 Spells                   Type           Power      Damage    Failure   Level
 Slow                     Hex            15%        N/A       6%          2
 Inner Flame              Hex/Fire       8%         N/A       26%         3
 Portal Projectile        Hex/Tloc       16%        N/A       26%         3
 Cause Fear               Hex            7%         N/A       36%         4


Dungeon Overview and Level Annotations

Branches:
Dungeon (1/15)

Altars:


Message History

Fire: 20 arrows
Press: ? - help, Q - select action, (/) - cycle Shift-Dir - straight line, f - bat
Aim: a bat (asleep, 98% to hit)
You shoot an arrow. The arrow hits the bat!
You kill the bat!
c - 20 arrows (gained 1)
You open the door.
There is an open door here.
You open the door.
There is an open door here.
You open the door.
There is an open door here.
You open the door.
There is an open door here.
As you open the door, it creaks loudly!
There is an open door here.
You open the door.
There is an open door here.
Found a ring mail.
Found a stone staircase leading down.
Found a yellow potion.
A kobold comes into view. It is wielding a +0 short sword.
Found 13 stones.
The kobold shouts!
Fire: 20 arrows
Press: ? - help, Q - select action, (/) - cycle Shift-Dir - straight line, f - kobold
Aim: a kobold, wielding a +0 short sword (51% to hit)
You shoot an arrow.
The arrow hits the kobold but does no damage.
The kobold barely misses you.
Fire: 19 arrows
Press: ? - help, Q - select action, (/) - cycle Shift-Dir - straight line, f/p - kobold
Aim: a kobold, wielding a +0 short sword (51% to hit)
You shoot an arrow. The arrow hits the kobold!
You kill the kobold!
c - 20 arrows (gained 2)
Things that are here:
a +0 short sword; a kobold corpse
b - a yellow potion Are you sure you want to abandon this character and quit the game? (Confirm with "yes".)

#########
........#
#@# #.#
#.#
#.#######
#.......#
#........
#...###..
#.[.#
#.).#


There were no monsters in sight!

Vanquished Creatures
  A bat (D:1)
  A kobold (D:1)
2 creatures vanquished.

Notes
Turn   | Place    | Note
-------+----------+-------------------------------------------
     0 | D:1      | elagabalus the Deep Elf Arcane Marksman began the quest for
                  | the Orb.
     0 | D:1      | Reached XP level 1. HP: 11/11 MP: 5/5
    78 | D:1      | Quit the game

Illustrated notes

Levels and vault maps discovered:
D:1:      minmay_arrival_doors, layout_basic, shapermc_ecumenical_altar_ellora

Action                   || total
-------------------------++-------
 Fire: Shortbow          ||     3
Dodge: Dodged            ||     1

Table legend: (Time is in decaauts)
 A = Elapsed time spent in this place.
 B = Non-inter-level travel time spent in this place.
 C = Inter-level travel time spent in this place.
 D = Time resting spent in this place.
 E = Time spent auto-exploring this place.
 F = Levels seen in this place.
 G = Mean time per level.
                   A        B        C        D        E       F      G
               +--------+--------+--------+--------+--------+-----+--------+
         Total |     78 |     16 |     62 |      0 |      0 |   1 |   78.0 |
       Dungeon |     78 |     16 |     62 |      0 |      0 |   1 |   78.0 |
               +--------+--------+--------+--------+--------+-----+--------+

Top non-repeatable levels by time:
     D:1: 78 daAuts
